cohdb
Replays
Latest Replays
All Replays
Popular Replays
Top Player Replays
Match Explorer
How It Works
Community
CoH3 Stats
Reddit
Sign in to upload your games and track your stats! →
Sign in with Steam
Match 45130333
Unlisted
Match 45130333
Overview
Messages
Build Orders
End
Vickers Machine Gun Team
Construct Section Command Post
Infantry Section
Selects Indian Artillery Battlegroup
ML 3-inch Mortar Team
Infantry Section
Infantry Section
ML 3-inch Mortar Team
Construct Field Infirmary
Construct Platoon Command Post
Selects Artillery Saturation
Construct Company Command Post
Foot Guards Section
Selects Valour
Selects Gurkha Rifles Section
Matilda II Heavy Tank
Royal Engineer Section
Unlock M3 Grant Medium Tanks
M3 Grant Medium Tank
Selects Volunteer Infantry
Gurkha Rifles Section
Selects Off-map Airburst Barrage
Off-map Airburst Barrage
Doping Dolphin
paungchain.hmo
dad81ace
Trungledoor
Arkanor
Ziro
[B2B] Totino the Pizza Boy
Caleb187
0
0
Comments
sign in to comment!
No comments posted yet!